 Dungeon Crawl Stone Soup version 0.28-a0-915-gcd63401287 (webtiles) character file.

Game seed: 9273373785361826902

25 funkygono the Skirmisher (level 3, -1/23 HPs)
             Began as a Gargoyle Fighter on Nov 25, 2021.
             Slain by a goblin (5 damage)
             ... led by Robin
             ... on level 1 of the Dungeon.
             The game lasted 00:02:18 (1142 turns).

funkygono the Skirmisher (Gargoyle Fighter)         Turns: 1142, Time: 00:02:18

Health: -1/23      AC: 10    Str: 20    XL:     3   Next: 6%
Magic:  3/3        EV:  9    Int:  8    God:
Gold:   37         SH:  4    Dex:  9    Spells: 2/2 levels left

rFire   . . .      SeeInvis .   a - +0 flail
rCold   . . .      Faith    .   c - +0 buckler
rNeg    + . .      Spirit   .   b - +0 scale mail
rPois   ∞          Reflect  .   (no helmet)
rElec   +          Harm     .   (no cloak)
rCorr   .          Rampage  .   (no gloves)
Will    .....                   (no boots)
Stlth   ..........              (no amulet)
HPRegen 0.07/turn               (no ring)
MPRegen 0.08/turn               (no ring)

@: no status effects
A: sickness immunity, AC +3, negative energy resistance 1, electricity
resistance, torment resistance 1, petrification resistance
a: no special abilities


You were on level 1 of the Dungeon.
You visited 1 branch of the dungeon, and saw 2 of its levels.

You collected 37 gold pieces.

Inventory:

Hand Weapons
 a - a +0 flail (weapon)
Missiles
 f - 15 stones (quivered)
Armour
 b - a +0 scale mail (worn)
 c - a +0 buckler (worn)
Potions
 d - a potion of might
 g - a potion of curing
 h - 2 potions of invisibility
 j - a potion of lignification {unknown}


   Skills:
 + Level 3.6 Fighting
 + Level 2.6 Maces & Flails
 + Level 3.5 Armour
 + Level 3.5 Shields


You had 2 spell levels left.
You didn't know any spells.
Your spell library was empty.

Dungeon Overview and Level Annotations

Branches:
Dungeon (2/15)

Altars:

Annotations:
D:2 Robin


Innate Abilities, Weirdness & Mutations

You are immune to sickness and miasma.
Your stone body is resilient. (AC +3)
You are immune to poison.
You resist negative energy. (rN+)
You are resistant to electric shocks. (rElec)
You are resistant to unholy torment.
You are immune to petrification.


Message History

e - a +0 dagger
There is a stone staircase leading down here.
You see here a goblin corpse.
Things that are here:
a +0 dagger; a +0 hunting sling; 15 stones
f - 15 stones You drop a +0 dagger.
Things that are here:
a +0 dagger; a +0 hunting sling You see here a goblin corpse.
You start resting.
HP restored.
There is a stone staircase leading down here.
You climb downwards.
Level annotation: Robin The goblin hits you but does no damage.
A goblin comes into view. It is wielding a +0 club.
The goblin hits you but does no damage.
Robin says, "A pitiful Gargoyle like you will never find the ORB!"
There is a stone staircase leading up here.
You closely miss the goblin. The goblin hits you but does no damage.
You closely miss the goblin. Robin throws the goblin at you!
The goblin hits you with a +0 club. You block the goblin's attack.
You barely miss the goblin.
Robin roars a battlecry!
The goblins go into a battle-frenzy!
The goblin hits you but does no damage. The goblin hits you with a +0 club.
The goblin barely misses you. The goblin hits you with a +0 club.
The goblin hits you but does no damage. The goblin hits you with a +0 club.
You climb upwards.
There is a stone staircase leading down here.
Unknown command.
You barely miss the goblin. The goblin hits you with a +0 club.
The goblin closely misses you.
You barely miss the goblin. The goblin hits you but does no damage.
The goblin hits you with a +0 club.
* * * LOW HITPOINT WARNING * * *
You miss the goblin. The goblin barely misses you.
The goblin closely misses you. The goblin hits you with a +0 club.
You die...

#.........# ##########..##.#####
#.......##.###.###.##
#.#####.............# #.#
######........####### #.#
##.).#....)....# #§#
##)##...#####.# ##§## #g######
#.# ##§#.## #@# #.# #§###.##
##g## ####.# §## ##.# ##...##
##.##.# #.###.##
##.....####.#.#.# ##.#.#.##
##.......##.###..#
##.#...####..........##....#####
#........+.....................
#.#...####.........##.....#####
###.##.## ##.......####.#..#


You could see 2 goblins.

Vanquished Creatures
  2 ball pythons (D:1)
  2 bats (D:1)
  2 endoplasms (D:1)
  2 giant cockroaches (D:1)
  7 goblins (D:1)
  A hobgoblin (D:1)
  A quokka (D:1)
  A frilled lizard (D:1)
  3 kobolds (D:1)
21 creatures vanquished.

Notes
Turn   | Place    | Note
-------+----------+-------------------------------------------
     0 | D:1      | funkygono the Gargoyle Fighter began the quest for the Orb.
     0 | D:1      | Reached XP level 1. HP: 14/14 MP: 1/1
   281 | D:1      | Reached XP level 2. HP: 17/19 MP: 2/2
  1088 | D:2      | Noticed Robin
  1101 | D:1      | Reached XP level 3. HP: 20/23 MP: 3/3
  1142 | D:1      | Slain by a goblin

Illustrated notes

Levels and vault maps discovered:
D:1:      wander_arrival_lonely_grave, layout_loops_corners
D:2:      layout_loops_ring, shapermc_ecumenical_altar_mp_highgroup,
          basic_altar, serial_shops, shop, minmay_3d_cube, uniq_jessica,
          uniq_natasha, uniq_robin, uniq_sigmund

Action                   || total
-------------------------++-------
Melee: Flail             ||    84
  Use: Scroll            ||     5
Armor: Scale mail        ||    57
Dodge: Dodged            ||    35
Block: Buckler           ||    12

Table legend: (Time is in decaauts)
 A = Elapsed time spent in this place.
 B = Non-inter-level travel time spent in this place.
 C = Inter-level travel time spent in this place.
 D = Time resting spent in this place.
 E = Time spent auto-exploring this place.
 F = Levels seen in this place.
 G = Mean time per level.
                   A        B        C        D        E       F      G
               +--------+--------+--------+--------+--------+-----+--------+
         Total |   1169 |   1135 |     34 |      8 |    887 |   2 |  584.5 |
       Dungeon |   1169 |   1135 |     34 |      8 |    887 |   2 |  584.5 |
               +--------+--------+--------+--------+--------+-----+--------+

Top non-repeatable levels by time:
     D:1: 1154 daAuts
     D:2: 14 daAuts
